AoeStats
← FanArchiZ

Arabian Desert

510147395Analyzed
1v1 RM · 19h ago on Sep 29, 2026· 32m 30s· 2 players
Game mode
Random Map
Map size
Tiny (2 player)
Population
200
Speed
Normal
Resources
Standard
Victory
Conquest
Starting age
Dark Age
Ending age
Imperial Age
RankedLock teamsTeams togetherTeam positionsShared explorationLock speedFull tech treeHidden civsTurbo modeCheats
Victory
Defeat
🇫🇷 Italians · France
834
+14
🇳🇿 Franks · New Zealand
788
-14
LyricPopcorn918
12:29 Feudal Age
10:45 Loom
21:27 Castle Age
22:16 Fletching
FanArchiZ
2:32 Loom
13:35 Feudal Age
16:08 Wheelbarrow
15:21 Double-Bit Axe
15:24 Horse Collar
15:44 Man-at-Arms
21:16 Forging
21:07 Scale Mail Armor
30:15 Castle Age
29:34 Scale Barding Armor
30:03 Padded Archer Armor
29:54 Fletching
31:17 Bow Saw
Connection lost

Rejoining the realm…

Still unreachable

The connection could not be restored.

Session expired

The server has moved on; the page needs a fresh start.